 Dungeon Crawl Stone Soup version 0.26-a0-34-g9e0bf03 (webtiles) character file.

Game seed: 3984689861985091973, levelgen mode: deterministic

35359 stupendous the Fencer (level 14, -9/100 HPs)
             Began as a Formicid Fighter on May 29, 2020.
             Was a High Priest of Okawaru.
             Mangled by an orc warrior
             ... wielding a +0 morningstar
              (30 damage)
             ... on level 2 of the Orcish Mines on May 30, 2020.
             The game lasted 00:52:32 (20479 turns).

stupendous the Fencer (Formicid Fighter)           Turns: 20479, Time: 00:52:32

Health: -9/100     AC: 18    Str: 27    XL:     14   Next: 18%
Magic:  14/14      EV: 13    Int:  9    God:    Okawaru [*****.]
Gold:   641        SH: 20    Dex: 17    Spells: 13/13 levels left

rFire    + . .     SeeInvis +   J - +3 scimitar (flame)
rCold    x . .     Gourm    .   G - +0 tower shield
rNeg     . . .     Faith    .   d - +4 chain mail "Meniefig" {Stlth+}
rPois    .         Spirit   .   (helmet unavailable)
rElec    .         Reflect  .   T - scarf {repulsion}
rCorr    .         Harm     .   z - +2 pair of gloves
MR       ++...                  C - +0 pair of boots
Stlth    ..........             H - amulet of magic regeneration
HPRegen  0.26/turn              D - ring "Risifeh" {Fire Str+6 Dex+3}
MPRegen  0.39/turn              t - ring of protection from magic

@: repel missiles
A: permanent stasis, dig shafts and tunnels, four strong arms, antennae 3
a: Dig, Shaft Self, Heroism, Finesse, Renounce Religion


You were on level 2 of the Orcish Mines.
You worshipped Okawaru.
Okawaru was extremely pleased with you.
You were not hungry.

You visited 3 branches of the dungeon, and saw 16 of its levels.
You visited 1 bazaar.
You also visited: Sewer and Volcano.

You collected 1232 gold pieces.
You spent 591 gold pieces at shops.

Inventory:

Hand Weapons
 a - a +0 long sword
 o - a +1 great mace of flaming
 q - a +0 vorpal long sword
 J - a +3 scimitar of flaming (weapon)
 O - a +1 great sword
 P - a +0 scimitar
Missiles
 S - 2 silver javelins (quivered)
Armour
 c - a +0 kite shield
 d - the +4 chain mail "Meniefig" (worn) {Stlth+}
   (Okawaru gifted it to you on level 12 of the Dungeon)

   It makes you more stealthy.
 w - a +1 chain mail of fire resistance
 z - a +2 pair of gloves (worn)
 C - a +0 pair of boots (worn)
 G - a +0 tower shield (worn)
 K - +0 fire dragon scales
 T - a scarf of repulsion (worn)
Jewellery
 p - a +6 ring of intelligence
 t - a ring of protection from magic (right hand)
 x - an uncursed ring of fire
 D - the ring "Risifeh" (left hand) {Fire Str+6 Dex+3}
   (You found it on level 6 of the Dungeon)

   [ring of fire]

   It enhances your fire magic.
   It affects your strength (+6).
   It affects your dexterity (+3).
   It protects you from fire.
   It makes you vulnerable to cold.
 F - an uncursed ring of ice
 H - an amulet of magic regeneration (around neck)
 M - an uncursed ring of magical power
 N - an uncursed ring of ice
 R - an uncursed ring of protection from cold {unknown}
Wands
 b - a wand of random effects (6)
 n - a wand of enslavement (17)
 A - a wand of polymorph (6)
 U - a wand of acid (11)
Scrolls
 h - 6 scrolls of remove curse
 j - 5 scrolls of fog
 k - 6 scrolls of teleportation
 l - 17 scrolls of identify
 u - 4 scrolls of enchant armour
 v - 2 scrolls of amnesia
 y - 4 scrolls of enchant weapon
 E - 2 scrolls of magic mapping
Potions
 e - 7 potions of degeneration
 g - 3 potions of mutation
 i - 10 potions of stabbing
 m - 3 potions of lignification
 r - 8 potions of curing
 s - 3 potions of flight
 B - a potion of brilliance
 I - a potion of cancellation
 L - a potion of resistance
 V - 4 potions of might
 W - a potion of heal wounds
Miscellaneous
 Q - a phantom mirror
Comestibles
 f - 27 rations
 X - 6 chunks of flesh


   Skills:
 - Level 6.0 Fighting
 * Level 16.8 Long Blades
 - Level 6.1 Armour
 + Level 8.4 Dodging
 + Level 12.7 Shields


You had 13 spell levels left.
You didn't know any spells.
Your spell library contained the following spells:

 Spells                   Type           Power        Failure   Level  Hunger
 Corona                   Hex            #......      98%         1    ##.....
 Ensorcelled Hibernation  Hex/Ice        #.....       99%         2    ###....
 Confusing Touch          Hex            #.......     100%        3    ####...
 Dazzling Flash           Conj/Hex       #.....       100%        3    ####...
 Gell's Gravitas          Tloc           #.........   100%        3    ####...
 Tukima's Dance           Hex            #.......     100%        3    ####...
 Petrify                  Tmut/Erth      #.......     100%        4    #####..
 Metabolic Englaciation   Hex/Ice        #.........   100%        5    ######.
 Yara's Violent Unravell  Hex/Tmut       #.........   100%        5    ######.


Dungeon Overview and Level Annotations

Branches:
Dungeon (13/15)            Temple (1/1) D:4            Lair (0/6) D:11
    Orc (2/2) D:9             Elf (0/3) Orc:2         Sewer (visited)
Volcano (visited)
 Vaults: D:13-14

Altars:
Ashenzari
Cheibriados
Dithmenos
Elyvilon
Fedhas
Gozag
Hepliaklqana
Kikubaaqudgha
Makhleb
Nemelex Xobeh
Okawaru
Qazlal
Ru
Sif Muna
Trog
Uskayaw
Vehumet
Wu Jian
Xom
Yredelemnul
Zin
The Shining One

Shops:
D:5 (   D:11 :   Orc:1 *

Annotations:
D:9 1 runed translucent door, Pooter's ghost, novice TrEE
D:13 Rupert


Innate Abilities, Weirdness & Mutations

You cannot be hasted, slowed, berserked, paralysed or teleported.
You can dig through walls and to a lower floor.
Your four strong arms can wield two-handed weapons with a shield.
You have a pair of large antennae on your head. (SInv)


Message History

You closely miss the orc knight.
The orc knight is severely wounded.
The orc knight hits you with a +0 great sword!
* * * LOW HITPOINT WARNING * * *
You barely miss the orc knight.
The orc knight is severely wounded.
You slash the orc knight! You burn the orc knight.
You kill the orc knight!
Okawaru accepts your kill.
You slash the orc warrior! You burn the orc warrior.
The orc warrior is severely wounded.
The orc warrior unwields a +0 arbalest.
The orc warrior wields a +0 morningstar.
You block the orc warrior's attack.
You barely miss the orc warrior.
The orc warrior is severely wounded.
You miss the orc warrior.
The orc warrior is severely wounded.
The orc warrior hits you with a +0 morningstar!!
You die...

**************
*,*,,**,*,,,,**###
,,,,,,,,,,,,,,*#@##
,,,,,,,,**,,,**##o#
,,,,,,,**,,,,,,#{####
,,,,,,**,,,,,,#{#.#.##
,,,,,,***,,,{.h#.#{..#
,*,,,****,,.[...(##..##
**,,,***,..$...#.##...#####
***,,,**,.......##.#...##.##
*,,,,*,.....{#,##........##


You could see an orc warrior (strong).

Vanquished Creatures
  2 orc warlords
  Snorg (D:12)
  Fannar (Orc:1)
  Harold (D:8)
  An ogre mage (Volcano)
  6 two-headed ogres
  Erica (Orc:1)
  2 orc high priests
  A hell knight (Volcano)
  A deep elf knight (Orc:2)
  An unseen horror (D:11)
  Pikel (D:8)
  An orc knight (Orc:2)
  2 orc sorcerers
  A deep elf mage (D:12)
  5 cyclopes
  A gargoyle (D:8)
  Maggie (D:9)
  4 trolls
  The ghost of jenkins2020 the Ruffian, an amateur TrWz of Cheibriados (D:5)
  10 slime creatures (D:12)
  Prince Ribbit (D:8)
  4 hippogriffs
  A shadow (D:11)
  6 fire bats (Volcano)
  4 hogs (D:7)
  2 wyverns
  A human (D:7)
  3 hungry ghosts
  10 yaks
  3 vampire mosquitoes (D:12)
  3 wargs
  A soldier ant (D:11)
  An ice beast (D:8)
  3 sky beasts
  A necrophage (D:9)
  10 ogres
  27 orc warriors
  A phantom (D:12)
  8 centaurs
  2 crocodiles
  A big kobold (D:10)
  10 bullfrogs
  2 scorpions
  A wyvern skeleton (D:10)
  13 killer bees
  12 wights
  4 howler monkeys
  2 crimson imps (D:9)
  A centaur zombie (D:5)
  A quasit (D:8)
  A lava snake (Volcano)
  A bullfrog zombie (D:10)
  2 centaur skeletons
  3 jellies
  6 hounds
  16 orc priests
  28 orc wizards
  3 bullfrog skeletons
  2 iguanas
  9 worker ants
  A hound zombie (D:8)
  A worker ant zombie (D:9)
  3 gnolls (D:6)
  14 adders
  3 river rats (Sewer)
  3 shadow imps
  2 oozes
  5 adder skeletons
  A worm (D:4)
  6 leopard geckos
  110 orcs
  7 giant cockroaches
  2 goblins (D:1)
  7 hobgoblins
  9 jackals
  3 quokkas
  7 ball pythons
  A ball python skeleton (D:5)
  9 bats
  4 frilled lizards
  2 jackal skeletons
  28 kobolds
  A quokka skeleton (D:5)
  30 rats
514 creatures vanquished.

Vanquished Creatures (others)
  An ogre (D:8)
  A water moccasin zombie (D:8)
  A jackal skeleton (D:8)
3 creatures vanquished.

Grand Total: 517 creatures vanquished

Notes
Turn   | Place    | Note
-------+----------+-------------------------------------------
     0 | D:1      | stupendous the Formicid Fighter began the quest for the
                  | Orb.
     0 | D:1      | Reached XP level 1. HP: 18/18 MP: 1/1
     2 | D:1      | Noticed a minotaur
     4 | D:1      | Noticed an ogre
     6 | D:1      | Noticed a naga
     6 | D:1      | Noticed a merfolk
     9 | D:1      | Noticed a dwarf
     9 | D:1      | Noticed a ghoul
    11 | D:1      | Noticed a human
    11 | D:1      | Noticed a vampire
    13 | D:1      | Noticed a vine stalker
    13 | D:1      | Noticed a formicid
    15 | D:1      | Noticed a spriggan
    15 | D:1      | Noticed a tengu
    17 | D:1      | Noticed a halfling
    17 | D:1      | Noticed an elf
    19 | D:1      | Noticed a troll
    19 | D:1      | Noticed a draconian
    21 | D:1      | Noticed a centaur
    23 | D:1      | Noticed an octopode
    25 | D:1      | Noticed a gargoyle
    25 | D:1      | Noticed a felid
    27 | D:1      | Noticed a demonspawn
    27 | D:1      | Noticed a demigod
    75 | D:1      | Reached XP level 2. HP: 14/24 MP: 2/2
   732 | D:1      | Reached XP level 3. HP: 21/29 MP: 3/3
  1262 | D:2      | Noticed a killer bee
  1720 | D:3      | Reached XP level 4. HP: 10/37 MP: 4/4
  1750 | D:3      | HP: 2/55 [poisoned by an adder]
  2147 | D:3      | Reached skill level 3 in Long Blades
  2147 | D:3      | Reached XP level 5. HP: 35/42 MP: 5/5
  2159 | D:3      | Found a glowing drain.
  2201 | Sewer    | Entered a sewer
  2437 | Sewer    | Reached skill level 5 in Shields
  2771 | Sewer    | Reached XP level 6. HP: 30/48 MP: 6/6
  3235 | D:3      | Reached skill level 4 in Long Blades
  3996 | D:4      | Reached XP level 7. HP: 42/54 MP: 7/7
  4187 | D:4      | Reached skill level 5 in Long Blades
  4945 | D:4      | Found a staircase to the Ecumenical Temple.
  5042 | Temple   | Entered the Ecumenical Temple
  5278 | D:5      | Entered Level 5 of the Dungeon
  5369 | D:5      | Found a transporter.
  5373 | D:5      | Found a transporter.
  5373 | D:5      | Noticed jenkins2020's ghost (amateur TrWz)
  5470 | D:5      | Reached skill level 6 in Long Blades
  5485 | D:5      | Reached XP level 8. HP: 16/60 MP: 8/8
  5949 | D:5      | You fall into a shaft and drop 3 floors!
  5984 | D:8      | Noticed Harold
  5997 | D:8      | You fall into a shaft and drop 2 floors!
  5997 | D:10     | Entered Level 10 of the Dungeon
  6012 | D:10     | Reached skill level 7 in Long Blades
  6181 | D:10     | Noticed a cyclops
  6189 | D:10     | Killed a cyclops
  6189 | D:10     | Reached skill level 8 in Long Blades
  6189 | D:10     | Reached XP level 9. HP: 9/65 MP: 9/9
  6473 | D:10     | Noticed a hippogriff
  6485 | D:10     | Killed a hippogriff
  6659 | D:10     | Noticed a hippogriff
  6674 | D:10     | Killed a hippogriff
  6674 | D:10     | Reached skill level 9 in Long Blades
  6956 | D:10     | Noticed a troll
  7247 | D:8      | Found a sacrificial altar of Ru.
  7248 | D:8      | Noticed Prince Ribbit
  7385 | D:8      | Noticed Pikel
  7423 | D:8      | Killed Pikel
  7423 | D:8      | Reached skill level 10 in Long Blades
  7504 | D:7      | Reached XP level 10. HP: 20/71 MP: 10/10
  7888 | D:7      | You fall into a shaft and drop 1 floor!
  7954 | D:7      | Found a shattered altar of Ashenzari.
  8012 | D:7      | Found an iron altar of Okawaru.
  8012 | D:7      | Found a hazy altar of Hepliaklqana.
  8073 | D:7      | Reached skill level 11 in Long Blades
  8751 | D:5      | Found Qiqyxu's Weapon Emporium.
  8967 | D:6      | Reached skill level 12 in Long Blades
  9077 | D:6      | Got a warped granite ring
  9097 | D:6      | Identified the ring "Risifeh" {Fire Str+6 Dex+3} (You found
                  | it on level 6 of the Dungeon)
  9119 | D:6      | Found a stormy altar of Qazlal.
  9399 | D:7      | Became a worshipper of Warmaster Okawaru
  9581 | D:7      | Found an opulent altar of Gozag.
  9790 | D:7      | Reached * piety under Okawaru
 10316 | D:8      | Killed Harold
 10316 | D:8      | Reached skill level 13 in Long Blades
 10316 | D:8      | Reached skill level 1 in Dodging
 10316 | D:8      | Reached XP level 11. HP: 73/77 MP: 9/11
 10729 | D:8      | Killed Prince Ribbit
 11045 | D:8      | Reached ** piety under Okawaru
 11469 | D:9      | Found a runed translucent door.
 11473 | D:9      | Noticed Pooter's ghost (novice TrEE)
 11689 | D:5      | Killed jenkins2020's ghost
 11935 | D:9      | Reached skill level 14 in Long Blades
 12349 | D:9      | Noticed Maggie
 12371 | D:9      | Killed Maggie
 12371 | D:9      | Reached *** piety under Okawaru
 12619 | D:9      | Found a staircase to the Orcish Mines.
 13125 | D:10     | Noticed a cyclops
 13585 | D:10     | Killed a cyclops
 13648 | D:11     | Noticed a two-headed ogre
 13825 | D:11     | Reached **** piety under Okawaru
 13892 | D:11     | Noticed a six-headed hydra
 14039 | D:11     | Reached skill level 5 in Armour
 14047 | D:11     | Reached skill level 5 in Fighting
 14061 | D:11     | Reached XP level 12. HP: 66/86 MP: 12/12
 14181 | D:11     | Found Hyuwith's Book Emporium.
 14193 | D:11     | Reached skill level 5 in Dodging
 14286 | D:11     | Found a staircase to the Lair.
 14420 | D:11     | Reached ***** piety under Okawaru
 14432 | D:11     | Found a shimmering altar of Xom.
 14514 | D:11     | Killed a two-headed ogre
 14514 | D:11     | Reached skill level 10 in Shields
 14908 | D:12     | Noticed an unseen horror
 15017 | D:11     | Killed an unseen horror
 15067 | D:12     | Received a gift from Okawaru
 15436 | D:12     | Found a shimmering altar of Xom.
 15529 | D:12     | Noticed Snorg
 15587 | D:12     | Killed Snorg
 15587 | D:12     | Reached skill level 15 in Long Blades
 15930 | D:12     | HP: 4/88 [slime creature (10)]
 16401 | D:12     | Received a gift from Okawaru
 16406 | D:12     | HP: 4/88 [slime creature (15)]
 16880 | D:12     | Reached XP level 13. HP: 18/93 MP: 13/13
 17279 | D:12     | Got a dazzling chain mail {god gift}
 17561 | D:12     | Identified the +4 chain mail "Meniefig" {Stlth+} (Okawaru
                  | gifted it to you on level 12 of the Dungeon)
 17638 | D:13     | Noticed Rupert
 17749 | Orc:1    | Entered Level 1 of the Orcish Mines
 17822 | Orc:1    | Noticed an orc warlord
 17876 | Orc:1    | Killed an orc warlord
 18115 | Orc:1    | Found a dark tunnel.
 18115 | Orc:1    | Noticed Fannar
 18119 | Volcano  | Entered a volcano
 18402 | Volcano  | Reached skill level 16 in Long Blades
 18627 | Volcano  | Found a bloodstained altar of Trog.
 18671 | Volcano  | Found a bloodstained altar of Trog.
 18744 | Orc:1    | Found Faorph's General Store.
 18816 | Orc:1    | Killed Fannar
 19084 | Orc:1    | Bought a potion of might for 64 gold pieces
 19575 | Orc:1    | Noticed Erica
 19592 | Orc:1    | Killed Erica
 19792 | Orc:2    | Entered Level 2 of the Orcish Mines
 19829 | Orc:2    | Received a gift from Okawaru
 19944 | Orc:2    | Found a flickering gateway to a bazaar.
 20012 | Bazaar   | Entered a bazaar
 20014 | Bazaar   | Found Xebum's Weapon Boutique.
 20023 | Bazaar   | Found Zeep's Book Shoppe.
 20030 | Bazaar   | Found Wufits's Magic Scroll Emporium.
 20034 | Bazaar   | Found Iklaej's Distillery.
 20038 | Bazaar   | Bought a scroll of enchant weapon for 67 gold pieces
 20038 | Bazaar   | Bought a scroll of magic mapping for 31 gold pieces
 20045 | Bazaar   | Found Unagiq's Weapon Boutique.
 20164 | Bazaar   | Bought a potion of resistance for 130 gold pieces
 20164 | Bazaar   | Bought a potion of heal wounds for 65 gold pieces
 20164 | Bazaar   | Bought a potion of curing for 39 gold pieces
 20164 | Bazaar   | Bought a potion of curing for 39 gold pieces
 20164 | Bazaar   | Bought a potion of might for 52 gold pieces
 20164 | Bazaar   | Bought a potion of might for 52 gold pieces
 20164 | Bazaar   | Bought a potion of might for 52 gold pieces
 20236 | Orc:2    | Found a staircase to the Elven Halls.
 20378 | Orc:2    | Reached XP level 14. HP: 100/100 MP: 14/14
 20396 | Orc:2    | Noticed an orc warlord
 20441 | Orc:2    | Killed an orc warlord
 20479 | Orc:2    | Mangled by an orc warrior

Illustrated notes

Levels and vault maps discovered:
D:1:      kb_arrival_jail, layout_rooms, serial_bayou_lake_a
D:2:      layout_loops_ring, lightli_corner_chamber
D:3:      layout_loops_ring, portal_sewer_entry_f, first_ration
D:4:      layout_loops_ring, lemuel_temple_firewalk_b
D:5:      layout_cave_pools, gammafunk_ghost_hive, serial_shops,
          kennysheep_little_box, st_stairs_5
D:6:      cheibrodos_two_vegetables, layout_rooms, basic_altar
D:7:      layout_basic, lemuel_crystal_altar,
          chequers_temple_overflow_statue_of_worship, grunt_livestock,
          grunt_gozag_statues
D:8:      layout_basic, nicolae_overflow_crystal_walls, uniq_harold,
          uniq_prince_ribbit1, uniq_pikel
D:9:      layout_roguey, hiddenorc1_lemuel, hellmonk_ghost_happy_afterlife,
          uniq_maggie
D:10:     layout_loops_ring, chequers_serial_rivers_micro_c
D:11:     layout_long_grid, erik_lair_orcish_takeover, serial_shops,
          nicolae_shop_crystal, gauntlet_entry_generic, basic_altar,
          lemuel_statue_altar
D:12:     layout_long_grid, xom_teletrap_fun, uniq_snorg
D:13:     layout_long_grid, special_room [special_room_orc], uniq_maurice,
          uniq_rupert, uniq_azrael
Temple:   eino_narrow_crystal_temple
Orc:1:    layout_caves, nicolae_volcano_entry_lava_flow, serial_shops, shop,
          uniq_erica, uniq_fannar
Orc:2:    st_orc_rangers, layout_caves, serial_shops, bzr_entry_islet,
          basic_altar, elf_legates

Skill      XL: |  1  2  3  4  5  6  7  8  9 10 11 12 13 |
---------------+----------------------------------------+-----
Shields        | 4 5 6 8 9 11 12 | 12.7
Armour         | 4 5 6 |  6.1
Fighting       | 4 5 6 |  6.0
Long Blades    | 3 4 6 8 10 13 14 15 16 | 16.8
Dodging        | 1 4 6 8 |  8.4

Action                   |  1- 3 |  4- 6 |  7- 9 | 10-12 | 13-15 || total
-------------------------+-------+-------+-------+-------+-------++-------
Melee: Long sword        |   152 |   285 |   359 |   650 |       ||  1446
       Scimitar          |       |       |       |   559 |   605 ||  1164
       Great sword       |       |       |       |       |    43 ||    43
Invok: Heroism           |       |       |       |     3 |     5 ||     8
       Finesse           |       |       |       |     1 |     1 ||     2
 Abil: Dig               |       |     4 |    12 |    15 |    18 ||    49
       Shaft Self        |       |       |     1 |       |       ||     1
  Use: Potion            |     2 |     1 |     2 |     5 |     2 ||    12
       Scroll            |       |       |       |     8 |    17 ||    25
 Stab: Distracted        |       |       |     1 |       |       ||     1
  Eat: Chunk             |     3 |     8 |     7 |    31 |     7 ||    56
       Ration            |       |       |     2 |     1 |     3 ||     6
Armor: Scale mail        |   106 |   125 |    39 |       |       ||   270
       Skin              |       |     1 |       |     9 |       ||    10
       Chain mail        |       |       |    71 |   247 |    80 ||   398
Dodge: Dodged            |    67 |   105 |    79 |   219 |    81 ||   551
       Repelled          |       |       |       |       |     3 ||     3
Block: Kite shield       |   120 |   169 |   173 |   167 |       ||   629
       Tower shield      |       |       |       |   603 |   368 ||   971
       Rpst.: Long sword |    19 |    25 |    18 |    41 |       ||   103
       Scimitar          |       |       |       |    29 |    19 ||    48
       Great sword       |       |       |       |       |     2 ||     2

Table legend:
 A = Non-vault XP
 B = Vault XP
 C = Vault XP percentage of total XP
 D = Non-vault monster count
 E = Vault monster count
 F = Vault count percentage of total count
                 A         B        C        D         E       F
            +---------+---------+-------+---------+---------+-------
      Total |   30044 |   20470 |  40.5 |     395 |     119 |  23.2
            +---------+---------+-------+---------+---------+-------
        D:1 |      35 |       0 |   0.0 |      25 |       0 |   0.0
        D:2 |       8 |       0 |   0.0 |       5 |       0 |   0.0
        D:3 |     247 |       7 |   2.8 |      39 |       3 |   7.1
        D:4 |     308 |       0 |   0.0 |      21 |       0 |   0.0
        D:5 |     646 |     563 |  46.6 |      19 |       5 |  20.8
        D:6 |     887 |       0 |   0.0 |      17 |       0 |   0.0
        D:7 |    1159 |     987 |  46.0 |      21 |       5 |  19.2
        D:8 |    1208 |    1902 |  61.2 |      17 |       3 |  15.0
        D:9 |    1570 |     573 |  26.7 |      17 |      18 |  51.4
       D:10 |    2784 |       0 |   0.0 |      33 |       0 |   0.0
       D:11 |    6242 |     581 |   8.5 |      45 |       8 |  15.1
       D:12 |    6329 |    1095 |  14.7 |      38 |       1 |   2.6
      Orc:1 |    7402 |    1936 |  20.7 |      77 |       2 |   2.5
      Orc:2 |    1219 |    5154 |  80.9 |      21 |      12 |  36.4
      Sewer |       0 |     133 | 100.0 |       0 |      48 | 100.0
    Volcano |       0 |    7539 | 100.0 |       0 |      14 | 100.0
            +---------+---------+-------+---------+---------+-------
